 Dungeon Crawl Stone Soup version 0.29.0-4-gdea44cf6ec (webtiles) character file.

Game seed: 4309793252169266509

16 qw the Sneak (level 2, -8/19 HPs)
             Began as a Gargoyle Delver on Sept 10, 2022.
             Was an Initiate of Okawaru.
             Mangled by an ice beast (10 damage)
             ... on level 5 of the Dungeon.
             The game lasted 00:00:09 (478 turns).

qw the Sneak (Gargoyle Delver)                       Turns: 478, Time: 00:00:10

Health: -8/19      AC:  5    Str: 15    XL:     2   Next: 54%
Magic:  2/2        EV: 11    Int: 10    God:    Okawaru [......]
Gold:   20         SH:  0    Dex: 11    Spells: 1/1 levels left

rFire   . . .      SeeInvis .   Y - +0 hand axe
rCold   . . .      Faith    .   (no shield)
rNeg    + . .      Spirit   .   b - +0 leather armour
rPois   inf        Reflect  .   (no helmet)
rElec   +          Harm     .   (no cloak)
rCorr   .          Rampage  .   (no gloves)
Will    .....                   (no boots)
Stlth   +++.......              (no amulet)
HPRegen 0.06/turn               (no ring)
MPRegen 0.08/turn               (no ring)

@: no status effects
A: sickness immunity, AC +2, negative energy resistance 1, electricity
resistance, torment resistance 1, petrification resistance
a: Renounce Religion


You were on level 5 of the Dungeon.
You worshipped Okawaru.
Okawaru was noncommittal.
You visited 2 branches of the dungeon, and saw 2 of its levels.

You collected 20 gold pieces.


Innate Abilities, Weirdness & Mutations

You are immune to sickness and miasma.
Your stone body is resilient. (AC +2)
You are immune to poison.
You resist negative energy. (rN+)
You are resistant to electric shocks. (rElec)
You are resistant to unholy torment.
You are immune to petrification.


   Skills:
 - Level 3.2 Fighting
 + Level 2.8 Axes
 - Level 1.5 Dodging
 - Level 5.4 Stealth


You had one spell level left.
You didn't know any spells.
Your spell library was empty.

Inventory:

Hand Weapons
 Y - a +0 hand axe (weapon)
Armour
 b - a +0 leather armour (worn)
Wands
 g - a wand of digging (3)
Scrolls
 a - a scroll of enchant weapon {unknown}
Potions
 f - a potion of haste
 h - a potion of flight {unknown}

Dungeon Overview and Level Annotations

Branches:
Dungeon (5/15)             Temple (1/1) D:5

Altars:
Elyvilon
Fedhas
Gozag
Kikubaaqudgha
Nemelex Xobeh
Okawaru
Qazlal
Trog
Uskayaw
Wu Jian
Xom
Yredelemnul
Zin
The Shining One


Message History

You barely miss the quokka. The quokka barely misses you.
The quokka completely misses you.
You barely miss the quokka.
The quokka bites you but does no damage.
You hit the ice beast.
The ice beast is moderately wounded.
You barely miss the quokka. The quokka bites you.
The ice beast hits you but does no damage.
The quokka barely misses you.
You closely miss the ice beast.
The ice beast is moderately wounded.
You hit the quokka. The quokka barely misses you. The ice beast hits you.
The ice beast freezes you!
You hit the ice beast but do no damage.
The ice beast is moderately wounded.
You barely miss the quokka. The quokka closely misses you.
The ice beast hits you but does no damage.
The quokka bites you but does no damage.
You completely miss the ice beast.
The ice beast is moderately wounded.
You hit the quokka.
The ice beast hits you but does no damage.
The quokka bites you but does no damage.
You closely miss the quokka.
The quokka is almost dead.
You hit the ice beast. The quokka misses you. The ice beast closely misses you.
The quokka bites you. The ice beast closely misses you.
You hit the quokka.
You kill the quokka!
Okawaru accepts your kill.
You hit the ice beast.
The ice beast hits you but does no damage.
You hit the ice beast.
The ice beast is heavily wounded.
The ice beast hits you. The ice beast freezes you!
Ouch! That really hurt!
You die...

#..#.........#.<#####
#..##..#.........#
### #..###...###..# #
#.# ##..# ##..# ##.
##.####.## .. ...
#...##..# . #..
#.......#
###...#.......#
#......@Y.###..#
........### #..#
####....# #..# #.....
#Y.. ....... ....#
......... ####
.##......# #......#


You could see an ice beast.

Vanquished Creatures
  An adder (D:5)
  4 jackals (D:5)
  A quokka (D:5)
6 creatures vanquished.

Notes
Turn   | Place    | Note
-------+----------+-------------------------------------------
     0 | D:5      | qw the Gargoyle Delver began the quest for the Orb.
     0 | D:5      | Reached XP level 1. HP: 14/14 MP: 1/1
     0 | D:5      | 0 ||| qw: Version: 0.1-a-116-g5d60599
     0 | D:5      | 0 ||| qw: Game counter: 8440
     0 | D:5      | 0 ||| qw: Always use a shield: true
     0 | D:5      | 0 ||| qw: God list: Okawaru
     0 | D:5      | 0 ||| qw: Allow faded altars: false
     0 | D:5      | 0 ||| qw: Do Orc after D:15 true
     0 | D:5      | 0 ||| qw: Do second Lair branch before Depths: true
     0 | D:5      | 0 ||| qw: Lair rune preference: random
     0 | D:5      | 0 ||| qw: Plans: Normal
     0 | D:5      | 0 ||| PLANNING D:1-11
    13 | D:5      | Found an ornate altar of the Wu Jian Council.
   131 | D:5      | Found a staircase to the Ecumenical Temple.
   132 | D:5      | 132 ||| PLANNING TEMPLE
   132 | D:5      | 132 ||| READING scroll labelled ZILEFI LARE.
   133 | D:5      | 133 ||| DROPPING scroll of fog.
   134 | D:5      | 134 ||| DROPPING scroll of magic mapping.
   135 | D:5      | 135 ||| DROPPING scroll of fear.
   138 | D:5      | 138 ||| Stepping ~*~*~tactically~*~*~ (stealth).
   155 | D:5      | Reached XP level 2. HP: 7/19 MP: 2/2
   372 | Temple   | Entered the Ecumenical Temple
   415 | Temple   | 415 ||| PLANNING D:1-11
   419 | Temple   | Became a worshipper of Warmaster Okawaru
   458 | D:5      | Noticed an ice beast
   459 | D:5      | 459 ||| Stepping ~*~*~tactically~*~*~ (stealth).
   478 | D:5      | HP: 2/19 [ice beast (3)]
   478 | D:5      | Mangled by an ice beast

Levels and vault maps discovered:
D:5:      layout_layer_cave, mainiacjoe_overflow_cross_hatched,
          minmay_temple_entry_trees
Temple:   cyrus_circular_temple

Skill      XL: |  1 |
---------------+----+-----
Axes           | 2 |  2.8
Fighting       | |  3.2
Dodging        | |  1.5
Stealth        | |  5.4

Action                   || total
-------------------------++-------
Melee: Hand axe          ||    36
  Use: Scroll            ||     1
Armor: Leather armour    ||    30
Dodge: Dodged            ||    44

Table legend:
 A = Non-vault XP
 B = Vault XP
 C = Vault XP percentage of total XP
 D = Non-vault monster count
 E = Vault monster count
 F = Vault count percentage of total count
                 A         B        C        D         E       F
            +---------+---------+-------+---------+---------+-------
      Total |      23 |       0 |   0.0 |       6 |       0 |   0.0
            +---------+---------+-------+---------+---------+-------
        D:5 |      23 |       0 |   0.0 |       6 |       0 |   0.0
            +---------+---------+-------+---------+---------+-------
